 Dungeon Crawl Stone Soup version 0.31.0-9-g3a7656b989 (webtiles) character file.

Game seed: 12782138376505206027

91 EnegeticOcto the Ruffian (level 4, 45/45 HPs)
             Began as a Troll Monk on Jan 31, 2024.
             Quit the game on level 3 of the Dungeon.
             The game lasted 00:00:39 (1518 turns).

EnegeticOcto the Ruffian (Troll Monk)               Turns: 1518, Time: 00:00:40

Health: 45/45      AC:  4    Str: 19    XL:     4   Next: 34%
Magic:  3/3        EV: 10    Int:  6    God:
Gold:   96         SH:  0    Dex: 14    Spells: 3/3 levels left

rFire   . .          .
                       - Unarmed
rCold   . . .        c - orb {light}
rNeg    . . .        a - +0 robe
rPois   .            (helmet restricted)
rElec   .            (no cloak)
rCorr   .            (gloves unavailable)
SInv    .            (boots unavailable)
Will    .....        (no amulet)
Stlth   +            (no ring)
HPRegen 1.07/turn    (no ring)
MPRegen 0.08/turn

%: no passive effects
@: glowing
A: large, unfitting armour, claws 3, regeneration 1, shaggy fur 1, tough skin 1
a: no special abilities


You were on level 3 of the Dungeon.
You visited 1 branch of the dungeon, and saw 3 of its levels.

You collected 96 gold pieces.

Inventory:

Armour
 a - a +0 robe (worn)
 c - an orb of light (worn)
Jewellery
 i - a +5 ring of evasion
   (You found it on level 2 of the Dungeon)
Scrolls
 d - 3 scrolls of noise {unknown}
 f - 2 scrolls of identify {unknown}
 g - 7 scrolls of teleportation {unknown}
 k - a scroll of enchant armour {unknown}
 n - 2 scrolls of vulnerability {unknown}
 o - a scroll of immolation {unknown}
Potions
 b - a potion of ambrosia
 e - 2 potions of degeneration {unknown}
 h - 2 potions of cancellation {unknown}
 j - a potion of heal wounds {unknown}
 l - 2 potions of might {unknown}
 m - a potion of mutation {unknown}


   Skills:
 + Level 3.0 Fighting
 + Level 3.0 Dodging
 * Level 4.2 Unarmed Combat


You had 3 spell levels left.
You didn't know any spells.
Your spell library contained the following spells:

 Spells                   Type           Power      Damage    Failure   Level
 Apportation              Tloc           0%         N/A       45%         1
 Necrotise                Necr           0%         1d4       45%         1
 Sting                    Conj/Alch      0%         1d3       45%         1
 Summon Small Mammal      Summ           0%         N/A       45%         1
 Blink                    Tloc           0%         N/A       58%         2
 Jinxbite                 Hex            0%         N/A       58%         2
 Lesser Beckoning         Tloc           0%         N/A       58%         2
 Momentum Strike          Conj/Tloc      0%         3d8       58%         2
 Dazzling Flash           Conj/Hex       0%         N/A       83%         3
 Vampiric Draining        Necr           0%         2d6       83%         3
 Volatile Blastmotes      Fire/Tloc      0%         2d10      83%         3
 Martyr's Knell           Necr/Summ      0%         N/A       99%         4
 Curse of Agony           Necr           0%         N/A       100%        5
 Yara's Violent Unravell  Hex/Alch       0%         3d3       100%        5
 Starburst                Conj/Fire      0%         6d3       100%        6
 Enfeeble                 Hex            0%         N/A       100%        7
 Maxwell's Capacitive Co  Air            0%         ∞         100%        8


Dungeon Overview and Level Annotations

Branches:
Dungeon (3/15) Zot: 16486

Altars:
Dithmenos

Portals:
Sewer: D:3


Innate Abilities, Weirdness & Mutations

You are too large for most types of armour.
You have claws for hands.
Your natural rate of healing is unusually fast.
You are covered in fur. (AC +1)
You have tough skin. (AC +1)


Message History

A goblin comes into view. It is wielding a +0 dagger.
The goblin shouts!
An adder comes into view.
Found a scroll labelled VUFASU YZEFA.
The adder hisses angrily.
Found a cloak.
You claw the goblin!
You kill the goblin!
You claw the adder!
You kill the adder!
No target in view!
No target in view!
No target in view!
No target in view!
No target in view!
No target in view!
Found 9 stones.
You hear the slow rusting of a distant drain.
o - a scroll labelled VUFASU YZEFA A giant cockroach comes into view.
A giant cockroach is nearby!
Found a scroll labelled QICRAI OCAT and a ring mail.
The giant cockroach closely misses you. x2
You scratch the giant cockroach but do no damage.
The giant cockroach bites you but does no damage.
You scratch the giant cockroach.
The giant cockroach is heavily wounded.
The giant cockroach bites you but does no damage.
You scratch the giant cockroach.
You kill the giant cockroach!
Your Dodging skill increases to level 3!
No target in view!
No target in view!
No target in view!
No target in view!
Found a scroll labelled HEOCLY SECKUU.
Found a shadowy altar of Dithmenos.
There is a shadowy altar of Dithmenos here.
g - 7 scrolls labelled HEOCLY SECKUU (gained 1)
h - 2 smoky dark potions (gained 1)
n - 2 scrolls labelled QICRAI OCAT (gained 1)
You hear the rusting of a distant drain.
You see here a blade talisman.
An adder comes into view.
You hear the rusting of a drain very nearby.
The adder hisses angrily.
An adder is nearby!
An adder is nearby!
You enter the shallow water.
Found a glowing drain.
The adder bites you but does no damage.
You closely miss the adder. The adder bites you.
You are poisoned.
The adder poisons you!
You scratch the adder.
The adder is heavily wounded.
You feel sick. The adder bites you but does no damage.
You closely miss the adder.
The adder is heavily wounded.
You feel sick. The adder bites you.
You closely miss the adder.
The adder is heavily wounded.
You feel sick. The adder closely misses you.
You barely miss the adder.
The adder is heavily wounded.
You feel sick.
You are no longer poisoned.
The adder bites you. The adder barely misses you.
You barely miss the adder.
The adder is heavily wounded.
The adder closely misses you.
You scratch the adder but do no damage.
The adder is heavily wounded.
The adder bites you.
You scratch the adder.
The adder is almost dead.
The adder bites you but does no damage.
You barely miss the adder.
The adder is almost dead.
The adder barely misses you.
An adder is nearby!
An adder is nearby!
An adder is nearby!
An adder is nearby!
You claw the adder!
You kill the adder!
Your Fighting skill increases to level 3!
No target in view!
You see here an adder corpse.
You see here an adder corpse.
You see here a +0 dagger.
You see here a +0 dagger.
You hear the brisk rusting of a drain very nearby.
You see here 9 stones.
Found a dagger.
Done exploring.
Done exploring.
Done exploring.
Done exploring.
Done exploring.
Are you sure you want to abandon this character and quit the game? (Confirm with "yes".)

############# ##
########...........###.
#.....@..#########.....
#######.## ######.)###
#..####.(.....# #
#####.......#####.###
##.....####.## #....
#..##### #.# ##...
###.#########.### #.#.
#...##.....##...#####.#.
##.####..##..............


There were no monsters in sight!

Vanquished Creatures
  A bombardier beetle (D:3)
  4 adders
  A dart slug (D:3)
  2 ball pythons
  An endoplasm (D:2)
  A giant cockroach (D:3)
  5 goblins
  A hobgoblin (D:1)
  A quokka (D:2)
  3 bats (D:1)
  A frilled lizard (D:1)
  A kobold (D:1)
  A rat (D:3)
23 creatures vanquished.

Notes
Turn   | Place    | Note
-------+----------+-------------------------------------------
     0 | D:1      | EnegeticOcto the Troll Monk began the quest for the Orb.
     0 | D:1      | Reached XP level 1. HP: 22/22 MP: 0/0
   690 | D:2      | Reached XP level 2. HP: 29/29 MP: 1/1
   758 | D:2      | Found a faded altar of an unknown god.
  1081 | D:3      | Noticed a bombardier beetle
  1091 | D:3      | Killed a bombardier beetle
  1092 | D:3      | Reached skill level 4 in Unarmed Combat
  1092 | D:3      | Reached XP level 3. HP: 9/36 MP: 2/2
  1178 | D:3      | Reached XP level 4. HP: 44/44 MP: 3/3
  1349 | D:3      | Reached skill level 3 in Dodging
  1353 | D:3      | Found a shadowy altar of Dithmenos.
  1437 | D:3      | Found a glowing drain.
  1448 | D:3      | Reached skill level 3 in Fighting
  1518 | D:3      | Quit the game

Illustrated notes

Levels and vault maps discovered:
D:1:      saegor_arrival_fortress, layout_rooms
D:2:      layout_basic, basic_ecumenical_altar, chequers_serial_rivers_micro_b,
          eino_tiny_chamber
D:3:      layout_rooms, grunt_dithmenos_smoke_and_mirrors, portal_sewer_entry_d

Skill      XL: |  1  2  3  4 |
---------------+-------------+-----
Unarmed Combat | 4 |  4.2
Dodging        | 3 |  3.0
Fighting       | 3 |  3.0

Action                     |  1- 3 |  4- 6 || total
---------------------------+-------+-------++-------
  Melee: Unarmed           |    38 |    19 ||    57
 Armour: Robe              |    19 |    10 ||    29
  Dodge: Dodged            |    22 |     7 ||    29

Table legend:
 A = Kills in this place as a percentage of kills in the entire game.
 B = Kills by you in this place as a percentage of kills by you in the entire game.
 C = Kills by friends in this place as a percentage of kills by friends in the entire game.
 D = Other kills in this place as a percentage of other kills in the entire game.
 E = Experience gained in this place as a percentage of experience gained in the entire game.
 F = Experience gained in this place divided by the number of levels of this place that you have seen.
                   A       B       C       D       E      F
               +-------+-------+-------+-------+-------+----------------------
         Total | 100.0 | 100.0 |   N/A |   N/A | 100.0 |  43.7
       Dungeon | 100.0 | 100.0 |   N/A |   N/A | 100.0 |  43.7
               +-------+-------+-------+-------+-------+----------------------

Table legend: (Time is in decaauts)
 A = Elapsed time spent in this place.
 B = Non-inter-level travel time spent in this place.
 C = Inter-level travel time spent in this place.
 D = Time resting spent in this place.
 E = Time spent auto-exploring this place.
 F = Levels seen in this place.
 G = Mean time per level.
                   A        B        C        D        E       F      G
               +--------+--------+--------+--------+--------+-----+--------+
         Total |   1513 |   1444 |     69 |      0 |   1264 |   3 |  504.3 |
       Dungeon |   1513 |   1444 |     69 |      0 |   1264 |   3 |  504.3 |
               +--------+--------+--------+--------+--------+-----+--------+

Top non-repeatable levels by time:
     D:2: 594 daAuts
     D:1: 484 daAuts
     D:3: 435 daAuts
